AoeStats
← Msp

Arabia

504600604Analyzed
4v4 RM · 27d ago on Sep 5, 2026· 42m 45s· 8 players
Game mode
Random Map
Map size
Large (8 player)
Population
200
Speed
Normal
Resources
Standard
Victory
Conquest
Starting age
Dark Age
Ending age
Imperial Age
RankedLock teamsTeams togetherTeam positionsShared explorationLock speedFull tech treeHidden civsTurbo modeCheats
Victory
Defeat
🇨🇿 Khmer · Czechia
1565
+16
🇦🇷 Franks · Argentina
1555
+16
🇨🇿 Koreans · Czechia
1546
+17
🇧🇪 Ethiopians · Belgium
1538
+17
🇲🇦 Persians · Morocco
1702
-23
🇫🇷 Britons · France
1526
-15
🇫🇷 Ethiopians · France
1521
-15
🇫🇷 Franks · France
1484
-13
Whop
7:17 Loom
9:41 Feudal Age
12:58 Double-Bit Axe
14:41 Fletching
17:24 Horse Collar
20:39 Padded Archer Armor
25:52 Castle Age
23:49 Gold Mining
26:38 Bodkin Arrow
26:05 Crossbowman
27:35 Town Watch
28:21 Ballistics
29:36 Leather Archer Armor
31:54 Thumb Ring
41:31 Imperial Age
42:12 Bracer
43:21 Chemistry
42:19 Arbalester
Lancelot Knight
6:30 Loom
9:00 Feudal Age
9:39 Double-Bit Axe
20:48 Scale Barding Armor
24:48 Castle Age
23:21 Forging
26:00 Wheelbarrow
25:41 Bow Saw
25:55 Chain Barding Armor
29:04 Town Watch
30:10 Husbandry
33:59 Hand Cart
42:18 Imperial Age
40:11 Gold Mining
40:12 Stone Mining
42:03 Iron Casting
42:18 Gold Shaft Mining
42:20 Cavalier
44:02 Blast Furnace
Noxx
6:44 Loom
8:51 Feudal Age
10:48 Double-Bit Axe
13:40 Fletching
16:25 Wheelbarrow
24:01 Castle Age
24:05 Crossbowman
24:45 Bodkin Arrow
29:49 Bow Saw
32:24 Ballistics
35:10 Horse Collar
39:12 Hand Cart
39:27 Thumb Ring
42:34 Imperial Age
Čiko
8:34 Feudal Age
8:27 Loom
9:32 Double-Bit Axe
10:35 Horse Collar
14:34 Forging
16:16 Scale Barding Armor
22:57 Castle Age
22:19 Bloodlines
22:58 Light Cavalry
25:02 Chain Barding Armor
25:47 Husbandry
28:39 Wheelbarrow
29:24 Iron Casting
33:05 Gold Mining
34:49 Hand Cart
35:40 Bow Saw
35:37 Heavy Plow
42:30 Imperial Age
41:12 Gold Shaft Mining
42:43 Cavalier
Msp
6:17 Loom
9:11 Feudal Age
10:31 Double-Bit Axe
17:09 Scale Barding Armor
19:02 Forging
25:28 Castle Age
24:30 Gold Mining
27:50 Chain Barding Armor
28:31 Gold Shaft Mining
33:35 Wheelbarrow
33:52 Stone Mining
36:55 Light Cavalry
38:25 Fletching
39:00 Husbandry
39:30 Town Watch
40:03 Hand Cart
42:39 Iron Casting
atchoubaka
5:58 Loom
8:53 Feudal Age
15:16 Fletching
16:55 Padded Archer Armor
25:09 Castle Age
24:04 Double-Bit Axe
24:31 Gold Mining
25:04 Horse Collar
25:59 Bodkin Arrow
26:06 Crossbowman
42:00 Bow Saw
Skrillll
6:52 Loom
8:57 Feudal Age
9:45 Double-Bit Axe
10:33 Horse Collar
19:37 Bloodlines
20:10 Scale Barding Armor
21:11 Wheelbarrow
23:28 Castle Age
22:53 Gold Mining
24:55 Chain Barding Armor
24:36 Husbandry
24:40 Heavy Plow
24:51 Bow Saw
25:42 Gold Shaft Mining
25:55 Hand Cart
27:04 Forging
40:32 Imperial Age
37:49 Town Watch
40:43 Iron Casting
40:39 Cavalier
42:20 Gold Shaft Mining
41:36 Stone Mining
42:44 Plate Barding Armor
43:10 Blast Furnace
AOKI_Shogi
7:41 Loom
10:15 Feudal Age
12:07 Fletching
15:28 Padded Archer Armor
16:51 Double-Bit Axe
20:28 Town Watch
26:42 Castle Age
25:40 Gold Mining
26:45 Crossbowman
27:21 Bodkin Arrow
28:01 Bow Saw
28:37 Ballistics
29:12 Leather Archer Armor
31:07 Thumb Ring
35:20 Gold Shaft Mining
37:38 Wheelbarrow
38:56 Stone Mining
38:48 Horse Collar
42:45 Imperial Age
42:28 Stone Mining
Connection lost

Rejoining the realm…

Still unreachable

The connection could not be restored.

Session expired

The server has moved on; the page needs a fresh start.